 Dungeon Crawl Stone Soup version 0.19.5 (webtiles) character file.

3926 snowfan the Nimble (level 10, -8/50 HPs)
             Began as a Deep Elf Wizard on May 13, 2017.
             Blown up by a gnoll (15 damage)
             ... with a wand of disintegration
             ... on level 7 of the Dungeon.
             The game lasted 00:50:27 (9723 turns).

snowfan the Nimble (Deep Elf Wizard)                Turns: 9723, Time: 00:50:28

Health: -8/50      AC:  8    Str:  2    XL:     10   Next: 1%
Magic:  1/24       EV: 18    Int: 27    God:
Gold:   443        SH:  0    Dex: 13    Spells: 8 memorised, 2 levels left

rFire  . . .     SeeInvis .     j - +0 dagger (speed)
rCold  + . .     Gourm    .     I - +0 robe {rC+}
rNeg   . . .     Faith    .     (no shield)
rPois  .         Spirit   .     b - +0 hat
rElec  .         Reflect  .     M - +0 cloak
rCorr  .         Harm     .     (no gloves)
MR     +....                    (no boots)
Stlth  +++.......               E - amulet of magic regeneration
                                F - ring of stealth
                                s - +3 ring of protection

@: very slightly contaminated
A: antennae 1, icy blue scales 1, weak 1
a: no special abilities


You were on level 7 of the Dungeon.
You were hungry.

You visited 2 branches of the dungeon, and saw 9 of its levels.
You also visited: Sewer.

You collected 443 gold pieces.

Inventory:

Hand Weapons
 j - a +0 dagger of speed (weapon)
 o - a +1 dagger of venom
 v - a +0 blowgun
Missiles
 i - 168 stones (quivered)
 k - 69 poisoned needles
 u - 21 sling bullets
Armour
 b - a +0 hat (worn)
 I - a +0 robe of cold resistance (worn)
 M - a +0 cloak (worn)
Jewellery
 s - a +3 ring of protection (left hand)
 x - an uncursed ring of fire
 E - an amulet of magic regeneration (around neck)
 F - a ring of stealth (right hand)
Wands
 J - a wand of flame (30/48)
 L - a wand of enslavement (10/24)
Scrolls
 l - a scroll of remove curse {unknown}
 m - 4 scrolls of identify {unknown}
 n - 5 scrolls of teleportation {unknown}
 q - 2 scrolls of fog {unknown}
 r - 4 scrolls of magic mapping {unknown}
 t - a scroll of immolation {unknown}
 w - 2 scrolls of random uselessness {unknown}
 G - a scroll of enchant armour {unknown}
 O - a scroll of fear {unknown}
 P - a scroll of blinking {unknown}
Potions
 a - 2 potions of heal wounds
 e - a potion of agility
 p - 3 potions of might
 A - a potion of degeneration {unknown}
 C - 2 potions of beneficial mutation {unknown}
 D - 3 potions of curing {unknown}
 H - a potion of ambrosia {unknown}
Books
 c - a book of Minor Magic

   Spells                             Type                      Level
   a - Magic Dart                     Conjuration                  1
   b - Blink                          Translocation                2
   c - Call Imp                       Summoning                    2
   d - Repel Missiles                 Charms/Air                   2
   e - Slow                           Hexes                        2
   f - Conjure Flame                  Conjuration/Fire             3
   g - Mephitic Cloud                 Conjuration/Poison/Air       3
 y - a book of Clouds

   Spells                             Type                      Level
   a - Mephitic Cloud                 Conjuration/Poison/Air       3
   b - Conjure Flame                  Conjuration/Fire             3
   c - Poisonous Cloud                Conjuration/Poison/Air       6
   d - Freezing Cloud                 Conjuration/Ice/Air          6
   e - Ring of Flames                 Charms/Fire                  7
 N - a book of Conjurations

   Spells                             Type                      Level
   a - Magic Dart                     Conjuration                  1
   b - Searing Ray                    Conjuration                  2
   c - Dazzling Spray                 Conjuration/Hexes            3
   d - Fulminant Prism                Conjuration/Hexes            4
   e - Iskenderun's Mystic Blast      Conjuration                  4
   f - Iskenderun's Battlesphere      Conjuration/Charms           5
Comestibles
 d - 3 bread rations
 f - a slice of pizza
 g - 6 fruits
 z - 3 meat rations
 B - a beef jerky


   Skills:
 - Level 10.7 Dodging
 - Level 2.4 Stealth
 + Level 8.6 Spellcasting
 * Level 8.6 Conjurations
 - Level 2.0 Hexes
 - Level 8.3 Charms
   Level 1.1 Summonings
 - Level 1.1 Translocations


You had 2 spell levels left.
You knew the following spells:

 Your Spells              Type           Power        Failure   Level  Hunger
a - Magic Dart            Conj           ####         1%          1    None
c - Mephitic Cloud        Conj/Pois/Air  ####....     4%          3    None
d - Conjure Flame         Conj/Fire      ####....     2%          3    None
e - Iskenderun's Battles  Conj/Chrm      ######..     4%          5    ####...
f - Fulminant Prism       Conj/Hex       #####.....   8%          4    #......
m - Repel Missiles        Chrm/Air       ####..       1%          2    None
q - Blink                 Tloc           N/A          6%          2    None
s - Iskenderun's Mystic   Conj           ######..     1%          4    #......


Dungeon Overview and Level Annotations

Branches:
Dungeon (8/15)             Temple (1/1) D:5
   Lair: D:8-11

Altars:
Ashenzari
Cheibriados
Dithmenos
Elyvilon
Fedhas
Gozag
Hepliaklqana
Kikubaaqudgha
Makhleb
Nemelex Xobeh
Okawaru
Qazlal
Ru
Trog
Vehumet
Xom
Yredelemnul
Zin
The Shining One

Annotations:
D:8 Pikel


Innate Abilities, Weirdness & Mutations

You have a pair of small antennae on your head.
You are partially covered in icy blue scales. (AC +2)
You are weak. (Str -2)


Message History

Unknown command.
You hit the gnoll but do no damage.
The gnoll is almost dead.
You hit the gnoll but do no damage.
The gnoll is almost dead.
The gnoll hits you.
* * * LOW HITPOINT WARNING * * *
The crimson imp grins evilly.
The crimson imp blinks!
Casting: Magic Dart
Confirm with . or Enter, or press ? or * to list all spells.
Aiming: Magic Dart
Press: ? - help, Shift-Dir - straight line, f/p - gnoll
Aim: a gnoll, carrying a wand of disintegration {zapped: 2} (almost dead)
The magic dart hits the gnoll.
The gnoll is almost dead.
The gnoll zaps a wand.
You are blasted!
* * * LOW HITPOINT WARNING * * *
The gnoll zaps a wand.
You are blasted!
You die...

.................#####.......#
.....########.......##.......#
..................#..........#
###...#######..##............#
#....# ##..###...........#
#....#####...##..5#........#
#..............[g.........##
#....#####.#[##ยง..........#
###....#####.[..@....####..####
........#.........###.........#
........#.#.....### #.........#
..........#....######.......###
.............#..............#
.............#>######.......#
........##........# #.......#
........##........# #########
........##........#


You could see a gnoll and a crimson imp.

Vanquished Creatures
  2 hippogriffs (D:7)
  A water moccasin (D:6)
  An orc warrior (D:6)
  2 slaves (D:8)
  3 ice beasts
  2 sky beasts
  5 black bears
  The ghost of Fairytaker the Chopper, an amateur DgFi (D:3)
  2 ogres
  2 centaurs
  A crocodile (D:8)
  2 bullfrogs
  2 scorpions
  A water moccasin skeleton (D:6)
  11 killer bees
  2 howler monkeys (D:7)
  4 crimson imps
  A quasit (D:8)
  A centaur zombie (D:5)
  A bullfrog zombie (D:6)
  A centaur skeleton (D:6)
  2 hounds
  5 orc wizards
  4 orc priests
  A jelly (D:8)
  2 iguanas (D:4)
  7 worker ants
  2 hound skeletons
  A worker ant zombie (D:7)
  8 adders
  9 gnolls
  2 shadow imps
  An ooze (D:2)
  3 worms
  2 adder skeletons (D:7)
  A dart slug (D:4)
  4 leopard geckos
  19 orcs
  8 ball pythons
  14 bats
  3 giant cockroaches
  6 goblins
  4 hobgoblins
  19 jackals
  3 quokkas
  8 frilled lizards
  2 gnoll zombies (D:3)
  16 kobolds
  A leopard gecko skeleton (D:6)
  A leopard gecko zombie (D:7)
  5 rats
  3 plants (Sewer)
214 creatures vanquished.

Vanquished Creatures (others)
  A plant (D:5)
1 creature vanquished.

Grand Total: 215 creatures vanquished

Notes
Turn   | Place    | Note
-------+----------+-------------------------------------------
     0 | D:1      | snowfan the Deep Elf Wizard began the quest for the Orb.
     0 | D:1      | Reached XP level 1. HP: 10/10 MP: 7/7
   535 | D:1      | Reached XP level 2. HP: 15/15 MP: 2/9
  1325 | D:2      | Found a shadowy altar of Dithmenos.
  1417 | D:2      | Reached XP level 3. HP: 15/19 MP: 1/11
  1900 | D:2      | Reached skill level 5 in Spellcasting
  2060 | D:2      | Reached XP level 4. HP: 24/24 MP: 8/13
  2625 | D:3      | Found a glowing drain.
  2637 | D:3      | Learned a level 3 spell: Conjure Flame
  2638 | Sewer    | Entered a sewer
  3179 | Sewer    | Reached skill level 3 in Dodging
  3179 | Sewer    | Reached XP level 5. HP: 28/28 MP: 10/14
  3631 | D:3      | Noticed Fairytaker's ghost (amateur DgFi)
  3651 | D:3      | Learned a level 2 spell: Blink
  3654 | D:3      | Learned a level 2 spell: Repel Missiles
  3658 | D:3      | Learned a level 3 spell: Mephitic Cloud
  3813 | D:4      | Noticed a black bear
  3816 | D:4      | Reached skill level 5 in Conjurations
  3828 | D:4      | Reached XP level 6. HP: 32/32 MP: 1/16
  3833 | D:3      | Found a shimmering altar of Xom.
  3957 | D:3      | Found a sparkling altar of Nemelex Xobeh.
  4206 | D:3      | Killed Fairytaker's ghost
  4271 | D:3      | Found a basalt altar of Yredelemnul.
  4818 | D:4      | Reached XP level 7. HP: 36/36 MP: 7/19
  6198 | D:5      | Entered Level 5 of the Dungeon
  6257 | D:5      | Found a sparkling altar of Nemelex Xobeh.
  6573 | D:5      | Found a staircase to the Ecumenical Temple.
  6581 | D:5      | Reached skill level 1 in Charms
  6620 | D:5      | Reached XP level 8. HP: 15/41 MP: 20/22
  6644 | Temple   | Entered the Ecumenical Temple
  7387 | D:5      | Reached skill level 5 in Charms
  7907 | D:6      | Reached skill level 4 in Dodging
  8137 | D:6      | Found a glowing golden altar of the Shining One.
  8147 | D:6      | Reached skill level 5 in Dodging
  8376 | D:6      | Reached skill level 6 in Dodging
  8392 | D:6      | Reached XP level 9. HP: 45/45 MP: 8/23
  8414 | D:6      | Reached skill level 7 in Dodging
  8444 | D:5      | Gained mutation: Your system is resistant to poisons. (rPois) [mutagenic meat]
  8446 | D:5      | Gained mutation: You are partially covered in icy blue scales. (AC +2) [mutagenic meat]
  8447 | D:5      | Gained mutation: You are weak. (Str -2) [mutagenic meat]
  8448 | D:5      | Lost mutation: Your system is resistant to poisons. (rPois) [mutagenic meat]
  8449 | D:5      | Gained mutation: You have a pair of small antennae on your head. [mutagenic meat]
  8704 | D:7      | Reached skill level 8 in Dodging
  8946 | D:7      | Reached skill level 9 in Dodging
  8971 | D:7      | Reached skill level 10 in Dodging
  9051 | D:7      | Found a hazy altar of Hepliaklqana.
  9104 | D:7      | Learned a level 4 spell: Iskenderun's Mystic Blast
  9110 | D:7      | Learned a level 5 spell: Iskenderun's Battlesphere
  9115 | D:7      | Learned a level 4 spell: Fulminant Prism
  9153 | D:7      | Reached skill level 1 in Hexes
  9606 | D:8      | Reached XP level 10. HP: 49/50 MP: 8/24
  9675 | D:8      | Noticed Pikel
  9723 | D:7      | Blown up by a gnoll

Skill      XL: |  1  2  3  4  5  6  7  8  9 |
---------------+----------------------------+-----
Conjurations   | 2 3 4 5 6 7 8 |  8.6
Spellcasting   | 5 6 8 |  8.6
Dodging        | 3 6 10 | 10.7
Charms         | 3 8 |  8.3
Hexes          | 2 |  2.0
Stealth        | |  2.4
Summonings     | |  1.1
Translocations | |  1.1

Action                   |  1- 3 |  4- 6 |  7- 9 | 10-12 || total
-------------------------+-------+-------+-------+-------++-------
Melee: Dagger            |     8 |   210 |    30 |     8 ||   256
 Fire: Blowgun           |       |    13 |    29 |       ||    42
Throw: Stone             |       |     3 |       |       ||     3
 Cast: Magic Dart        |    84 |   150 |   411 |    14 ||   659
       Mephitic Cloud    |       |     7 |    21 |       ||    28
       Conjure Flame     |       |     6 |    24 |     2 ||    32
       Iskenderun's Myst |       |       |    11 |     4 ||    15
       Iskenderun's Batt |       |       |     1 |     1 ||     2
       Blink             |       |       |     1 |       ||     1
       Repel Missiles    |       |       |     1 |       ||     1
  Use: Potion            |       |     3 |     5 |       ||     8
  Eat: Chunk             |     3 |    10 |    19 |       ||    32
       Fruit             |       |       |     2 |       ||     2
Armor: Robe              |     5 |     3 |    26 |     5 ||    39
Dodge: Dodged            |    23 |    38 |    71 |    20 ||   152
       Deflected         |       |       |     2 |       ||     2
